 Dungeon Crawl Stone Soup version 0.23-a0-666-g28d4f2f0af (webtiles) character file.

949 Notair the Chopper (level 7, 0/61 HPs)
             Began as a Minotaur Gladiator on Jan 8, 2019.
             Slain by a big kobold
             ... wielding a +1 short sword of electrocution
              (16 damage)
             ... in a sewer.
             The game lasted 00:11:57 (3364 turns).

Notair the Chopper (Minotaur Gladiator)             Turns: 3364, Time: 00:11:57

Health: 0/61       AC:  9    Str: 19    XL:     7   Next: 89%
Magic:  6/6        EV:  9    Int:  7    God:
Gold:   257        SH:  0    Dex: 11    Spells: 6/6 levels left

rFire    . . .     SeeInvis .   a - +0 war axe
rCold    . . .     Gourm    .   (no shield)
rNeg     . . .     Faith    .   w - +0 chain mail
rPois    .         Spirit   .   c - +0 hat
rElec    .         Reflect  .   (no cloak)
rCorr    .         Harm     .   (no gloves)
MR       .....                  (no boots)
Stlth    ..........             (no amulet)
HPRegen  0.20/turn              (no ring)
MPRegen  0.10/turn              (no ring)

@: no status effects
A: retaliatory headbutt, horns 2
a: no special abilities


You were in a sewer.
You were not hungry.

You visited 1 branch of the dungeon, and saw 5 of its levels.
You also visited: Sewer.

You collected 257 gold pieces.

Inventory:

Hand Weapons
 a - a +0 war axe (weapon)
 v - a +1 morningstar of protection
 y - a +0 blowgun
Missiles
 b - 20 sling bullets
 d - 2 throwing nets (quivered)
 s - 49 stones
 A - 21 poisoned needles
Armour
 c - a +0 hat (worn)
 w - a +0 chain mail (worn)
Jewellery
 r - an uncursed ring of protection from magic {unknown}
Scrolls
 h - a scroll of fear {unknown}
 j - 4 scrolls of identify {unknown}
 k - 3 scrolls of remove curse
 l - 3 scrolls of immolation {unknown}
 m - 2 scrolls of amnesia {unknown}
 o - a scroll of noise {unknown}
 q - 2 scrolls of teleportation {unknown}
 u - 2 scrolls of magic mapping {unknown}
 x - a scroll of enchant weapon {unknown}
Potions
 e - 3 potions of haste {unknown}
 g - 2 potions of degeneration {unknown}
 i - 2 potions of curing {unknown}
 n - 5 potions of heal wounds {unknown}
 p - a potion of flight {unknown}
 t - 2 potions of mutation {unknown}
Comestibles
 f - 5 rations
 z - 2 chunks of flesh


   Skills:
 + Level 5.5 Fighting
 * Level 7.7 Axes
 - Level 2.0 Throwing
 + Level 4.7 Armour
 + Level 5.4 Dodging


You had 6 spell levels left.
You didn't know any spells.
Your spell library was empty.

Dungeon Overview and Level Annotations

Branches:
Dungeon (5/15)             Temple (0/1) D:5

Altars:
Dithmenos
Nemelex Xobeh
Qazlal
Sif Muna
Vehumet
Xom
Yredelemnul


Innate Abilities, Weirdness & Mutations

You reflexively headbutt those who attack you in melee.
You have a pair of horns on your head.


Message History

You kill the big kobold!
You hit the big kobold but do no damage.
Your headbutt misses the big kobold.
The big kobold is heavily wounded.
The big kobold closely misses you.
You completely miss the big kobold.
The big kobold is heavily wounded.
The big kobold hits you with a +1 short sword of electrocution.
You miss the big kobold.
The big kobold is heavily wounded.
The big kobold hits you but does no damage.
You are electrocuted!
* * * LOW HITPOINT WARNING * * *
The big kobold hits you but does no damage.
You hit the big kobold.
The big kobold is heavily wounded.
The big kobold hits you with a +1 short sword of electrocution.
* * * LOW HITPOINT WARNING * * *
You are electrocuted!
You die...

###### ###### #.!..#
#....# #?!∩.# #.∩..#
#....# ###....#
#)))!#≈≈≈#....#
###@K##≈≈≈##')##
#((≈≈≈≈≈≈≈#≈≈..###
#..P≈P#≈≈≈#≈≈≈...#
#...≈≈#≈≈≈#≈.≈...##
#..≈≈P#≈≈≈#.......#
#.....#≈≈≈#P......#
#.....#≈≈≈#≈......#
##....#≈≈≈#†≈≈P...##
##..≈P#≈≈≈#≈≈≈.....#


You could see a big kobold.

Vanquished Creatures
  A hornet zombie (D:5)
  2 ogres
  3 big kobolds
  2 orc priests (D:4)
  2 orc wizards (D:4)
  Terence (D:2)
  3 iguanas (D:4)
  3 worker ants
  A gnoll (D:1)
  4 adders
  3 oozes
  An adder zombie (D:2)
  An adder skeleton (D:2)
  A worm (D:5)
  2 dart slugs
  A leopard gecko (D:2)
  9 orcs
  7 ball pythons
  15 bats
  A bat zombie (D:2)
  5 giant cockroaches
  8 goblins
  9 hobgoblins
  6 jackals (D:3)
  16 kobolds
  4 quokkas
  A ball python skeleton (D:2)
  A ball python zombie (D:2)
  4 frilled lizards
  A jackal skeleton (D:5)
  A leopard gecko skeleton (D:2)
  A leopard gecko zombie (D:2)
  A quokka skeleton (D:5)
  10 rats
  A spectral orc (D:4)
132 creatures vanquished.

Notes
Turn   | Place    | Note
-------+----------+-------------------------------------------
     0 | D:1      | Notair the Minotaur Gladiator began the quest for the Orb.
     0 | D:1      | Reached XP level 1. HP: 18/18 MP: 0/0
    61 | D:1      | Reached skill level 4 in Axes
    61 | D:1      | Reached XP level 2. HP: 10/25 MP: 1/1
   328 | D:1      | Reached skill level 1 in Armour
   348 | D:1      | You fall through a shaft!
   354 | D:2      | Noticed an ogre
   364 | D:2      | Reached XP level 3. HP: 27/30 MP: 2/2
   366 | D:2      | Killed an ogre
   366 | D:2      | Reached skill level 5 in Axes
   366 | D:2      | Reached XP level 4. HP: 34/38 MP: 3/3
   438 | D:2      | Noticed Terence
   450 | D:2      | Killed Terence
   450 | D:2      | Reached XP level 5. HP: 33/45 MP: 4/4
   499 | D:2      | Found a deep blue altar of Sif Muna.
  1440 | D:3      | Found a shimmering altar of Xom.
  1450 | D:3      | Found a shimmering altar of Xom.
  1450 | D:3      | Found a shimmering altar of Xom.
  1450 | D:3      | Found a shimmering altar of Xom.
  1451 | D:3      | Found a shimmering altar of Xom.
  1455 | D:3      | Found a shimmering altar of Xom.
  1460 | D:3      | Found a shimmering altar of Xom.
  1570 | D:3      | Found a sparkling altar of Nemelex Xobeh.
  1570 | D:3      | Found a radiant altar of Vehumet.
  1936 | D:3      | Found a shadowy altar of Dithmenos.
  1996 | D:4      | Reached XP level 6. HP: 42/52 MP: 5/5
  2048 | D:4      | Reached skill level 6 in Axes
  2520 | D:4      | Reached XP level 7. HP: 41/60 MP: 6/6
  2746 | D:4      | Reached skill level 5 in Dodging
  2770 | D:4      | Found a basalt altar of Yredelemnul.
  2774 | D:4      | Reached skill level 7 in Axes
  2832 | D:5      | Entered Level 5 of the Dungeon
  2876 | D:5      | Reached skill level 5 in Fighting
  3007 | D:5      | Found a staircase to the Ecumenical Temple.
  3021 | D:5      | Noticed a water elemental
  3023 | D:5      | Found a stormy altar of Qazlal.
  3025 | D:5      | Noticed an air elemental
  3025 | D:5      | Noticed a fire elemental
  3135 | D:5      | Found a glowing drain.
  3151 | Sewer    | Entered a sewer
  3364 | Sewer    | Slain by a big kobold

Vault maps used:
D:1:      matt_arrival_diagonals
D:2:      lemuel_blue_sif_altar, serial_undead, serial_undead_d,
          serial_undead_d, serial_undead_a, serial_undead_f, uniq_terence
D:3:      chequers_temple_overflow_statue_of_worship,
          grunt_dithmenos_smoke_and_mirrors, xom_redecorated
D:4:      yredelemnul_forgotten_temple_becter, first_ration
D:5:      grunt_temple_overflow_champion_of_chaos,
          nicolae_qazlal_style_of_elements, minmay_temple_entry_from_below_a,
          biasface_ghost_orc_armoury, cheibrodos_sewer_entry_bend,
          fedhas_altar_2, uniq_grinder, uniq_duvessa
Sewer:    kennysheep_pipe_town

Skill      XL: |  1  2  3  4  5  6  7 |
---------------+----------------------+-----
Axes           | 4 5 6 7 |  7.7
Armour         | 1 2 3 4 |  4.7
Fighting       | 3 4 5 |  5.5
Dodging        | 4 5 |  5.4
Throwing       | |  2.0

Action                   |  1- 3 |  4- 6 |  7- 9 || total
-------------------------+-------+-------+-------++-------
Melee: War axe           |    33 |   147 |    95 ||   275
       Headbutt          |     4 |    19 |    18 ||    41
Throw: Throwing net      |     2 |       |       ||     2
  Use: Scroll            |       |       |     1 ||     1
  Eat: Chunk             |       |     5 |     3 ||     8
Armor: Leather armour    |     7 |     4 |       ||    11
       Ring mail         |       |    30 |       ||    30
       Chain mail        |       |    16 |    65 ||    81
Dodge: Dodged            |    25 |   100 |    47 ||   172

Table legend:
 A = Non-vault XP
 B = Vault XP
 C = Vault XP percentage of total XP
 D = Non-vault monster count
 E = Vault monster count
 F = Vault count percentage of total count
                 A         B        C        D         E       F
            +---------+---------+-------+---------+---------+-------
      Total |    1053 |     303 |  22.3 |     102 |      30 |  22.7
            +---------+---------+-------+---------+---------+-------
        D:1 |      51 |       0 |   0.0 |      23 |       0 |   0.0
        D:2 |     146 |      53 |  26.6 |      19 |       8 |  29.6
        D:3 |     116 |       0 |   0.0 |      30 |       0 |   0.0
        D:4 |     559 |       1 |   0.2 |      23 |       1 |   4.2
        D:5 |     181 |       5 |   2.7 |       7 |       1 |  12.5
      Sewer |       0 |     244 | 100.0 |       0 |      20 | 100.0
            +---------+---------+-------+---------+---------+-------
